Map: Felder des Todes

Players

slotty

  • Race: Zerg Zerg

Telon

  • Race: Terran Terran

nebukadnezar

  • Race: Terran Terran

Fred

  • Race: Protoss Protoss

VOD

Have the link to the VOD?

Description

Time

  • Played on: Nov. 12, 2015, 4:01 p.m.
  • Length: 13:03
Show
View Real Time Build Order
Export as new Build Order

slotty Zerg 

Build Orders: Pool First 

Get SALT Encoding   

  12  0:01  Drone  
  13  0:08  Drone  
  14  0:23  Overlord  
  14  0:36  Spawning Pool  
  14  0:37  Drone  
  14  0:48  Drone  
  15  0:50  Drone  
  15  0:53  Drone  
  17  1:07  Overlord  
  17  1:21  Hatchery  
  17  1:23  Drone  
  17  1:32  Queen  
  19  1:35  Drone  
  20  1:51  Drone x2  
  22  1:58  Drone  
  23  2:06  Spore Crawler  
  22  2:09  Drone  
  22  2:11  Spore Crawler  
  22  2:14  Queen  
  24  2:19  Drone  
  25  2:43  Zergling x2  
  25  2:44  Zergling x10  
  31  2:51  Overlord  
  31  3:00  Queen  
  31  3:02  Zergling x2  
  31  3:03  Zergling x4  
  36  3:16  Drone x3  
  39  3:22  Overlord  
  39  3:52  Drone  
  39  3:53  Drone x7  
  39  3:55  Hatchery  
  46  4:08  Zergling x2  
  46  4:09  Zergling x2  
  48  4:20  Drone  
  49  4:28  Zergling x2  
  49  4:29  Zergling x4  
  52  4:31  Overlord x2  
  52  4:32  Overlord x2  
  52  4:39  Spore Crawler  
  52  4:40  Spore Crawler  
  50  4:53  Drone x2  
  52  5:14  Zergling x2  
  52  5:15  Zergling x12  
  52  5:19  Queen  
  61  5:49  Drone x9  
  57  6:34  Zergling x2  
  57  6:35  Zergling x28  
  72  6:51  Hatchery  
  71  7:16  Spine Crawler  
  71  7:17  Spine Crawler  
  68  7:52  Zergling x2  
  68  7:53  Zergling x38  
  88  8:06  Spore Crawler x2  
  80  8:42  Zergling x14  
  80  8:43  Zergling x18  
  94  9:09  Overlord  
  94  9:10  Overlord x4  
  94  9:11  Overlord x10  
  94  9:27  Queen x2  
  98  9:55  Drone x3  
  101  10:05  Drone x2  
  101  10:06  Drone x4  
  91  10:42  Zergling x14  
  75  10:43  Zergling x22  
  70  10:59  Spore Crawler  
  67  11:06  Queen  
  66  11:29  Spore Crawler  
  66  11:30  Spore Crawler  
  55  11:53  Zergling x14  
  55  11:54  Zergling x14  
  69  12:10  Zergling x4  
Show
View Real Time Build Order
Export as new Build Order

Telon Terran 

Build Orders:  

Get SALT Encoding   

  12  0:01  SCV  
  13  0:20  Supply Depot  
  13  0:24  SCV  
  14  0:33  Supply Depot  
  14  0:45  Barracks  
  14  0:47  SCV  
  15  1:03  SCV  
  16  1:04  Barracks  
  16  1:16  SCV  
  17  1:28  SCV  
  18  1:38  Bunker  
  18  1:39  Marine  
  19  1:53  Supply Depot  
  19  1:57  Marine  
  20  2:07  Marine  
  21  2:20  Engineering Bay  
  21  2:25  Marine  
  21  2:28  Marine  
  23  2:32  Command Center  
  23  2:45  Marine  
  23  2:48  Barracks  
  24  2:54  Barracks  
  24  3:02  Missile Turret  
  24  3:06  Missile Turret  
  24  3:11  Orbital Command  
  24  3:46  Marine x3  
  24  3:47  Marine  
  28  4:00  SCV  
  29  4:03  Orbital Command  
  29  4:04  Marine x4  
  33  4:12  SCV  
  34  4:21  Marine  
  34  4:22  Missile Turret, Marine x3  
  38  4:30  SCV  
  39  4:36  SCV  
  40  4:48  SCV  
  41  4:53  SCV, Missile Turret  
  42  5:05  SCV  
  43  5:12  Marine x2  
  43  5:13  Marine x2  
  47  5:24  Barracks  
  47  5:28  Barracks  
  47  5:30  Marine x3  
  47  5:31  Marine  
  50  5:48  Marine x3  
  50  5:49  Marine  
  54  6:06  Marine  
  53  6:16  Marine  
  53  6:17  Marine x2  
  54  6:23  Supply Depot  
  54  6:25  Marine x3  
  53  6:27  Supply Depot  
  47  6:37  Supply Depot  
  47  6:39  Supply Depot  
  47  6:43  Marine x4  
  47  6:44  Marine x2  
  53  6:57  Command Center  
  53  7:01  Marine x5  
  54  7:02  Marine  
  59  7:19  Marine x6  
  65  7:39  Command Center  
  65  8:34  Marine x5  
  66  8:35  Marine  
  71  8:51  Marine  
  71  8:52  Marine x5  
  77  9:07  SCV  
  77  9:09  Marine  
  79  9:11  Marine x2  
  79  9:12  Marine x3  
  84  9:19  SCV, Missile Turret  
  84  9:24  Barracks  
  85  9:27  Marine  
  85  9:29  Marine x2  
  85  9:30  Marine x3  
  91  9:37  Barracks  
  91  9:39  Missile Turret  
  91  9:45  Marine  
  92  9:46  Barracks  
  92  9:47  Marine x3  
  92  9:48  Marine x2  
  97  10:01  Bunker  
  97  10:03  Marine  
  97  10:05  Marine  
  98  10:24  Missile Turret  
  72  10:29  Marine x2  
  72  10:30  Marine x3  
  72  10:31  Marine x2  
  72  10:32  Marine  
  72  10:33  Barracks  
  56  10:42  Marine  
  47  10:46  Missile Turret  
  47  10:47  Marine x2  
  47  10:48  Marine x4  
  47  10:49  Marine  
  54  10:50  Marine  
  54  10:51  Orbital Command  
  55  10:59  Marine  
  56  11:05  Marine  
  57  11:15  Marine x4  
  57  11:16  Marine x3  
  57  11:17  Marine  
  64  11:22  SCV  
  64  11:23  Marine  
  49  11:33  Marine x4  
  49  11:34  SCV, Marine x3  
  49  11:35  Marine  
  58  11:40  Marine  
  58  11:41  Marine  
  58  11:46  SCV  
  63  12:07  Orbital Command  
  50  12:18  Marine x2  
  50  12:19  Marine x5  
  50  12:20  Marine  
  58  12:36  Marine x3  
  58  12:37  Marine x4  
Show
View Real Time Build Order
Export as new Build Order

nebukadnezar Terran 

Build Orders:  

Get SALT Encoding   

  12  0:05  SCV  
  13  0:24  SCV  
  14  0:36  SCV, Refinery, Supply Depot  
  15  0:48  Refinery  
  15  1:02  Barracks  
  15  1:33  SCV  
  15  1:39  Command Center  
  16  1:45  SCV  
  17  1:53  Marine  
  18  2:06  SCV, Factory  
  19  2:13  Marine  
  20  2:18  SCV  
  21  2:30  Orbital Command  
  21  2:36  Marine  
  22  2:52  Supply Depot  
  22  2:53  Factory Tech Lab  
  22  2:55  SCV  
  23  3:22  Siege Tank  
  23  3:25  SCV  
  23  3:26  SCV  
  28  3:33  Starport  
  28  3:38  Starport  
  28  3:42  SCV  
  28  3:44  SCV  
  30  3:58  Barracks  
  30  4:02  Siege Tank  
  33  4:10  SCV  
  34  4:17  Engineering Bay  
  34  4:19  Starport Reactor  
  34  4:20  Starport Tech Lab  
  34  4:35  SCV  
  34  4:36  Barracks  
  35  4:43  Barracks Tech Lab  
  35  4:48  Barracks Tech Lab  
  35  4:50  SCV  
  36  4:52  Medivac  
  36  4:54  SCV  
  39  5:11  Missile Turret x2  
  39  5:12  Siege Tank, Missile Turret  
  41  5:16  SCV  
  42  5:25  Refinery  
  42  5:28  Refinery  
  42  5:30  Barracks Reactor  
  42  5:32  Concussive Shells  
  42  5:34  SCV  
  43  5:39  Supply Depot  
  43  5:51  Marine  
  43  5:52  Marauder  
  46  6:20  Siege Tank  
  49  6:31  Marine  
  49  6:32  Marauder, Marine  
  53  6:34  SCV  
  54  6:55  Supply Depot  
  54  7:00  SCV x2, Marauder, Siege Tank, Marine  
  62  7:17  Marauder, Marine  
  62  7:18  Marine  
  66  7:27  Marine  
  67  7:32  Siege Tank  
  69  8:03  Marauder  
  70  8:21  Terran Infantry Armor Level 1  
  70  8:29  Hellion, Engineering Bay, Marauder x2  
  70  8:30  Supply Depot  
  70  8:32  Armory  
  70  8:36  Supply Depot  
  70  8:51  Marine  
  70  8:52  Siege Tank, Marauder x2  
  78  8:57  Marine  
  79  9:09  Marine  
  80  9:10  Hi-Sec Auto Tracking  
  80  9:13  Marauder x2  
  80  9:14  Stimpack  
  80  9:15  Marine  
  85  9:20  Orbital Command  
  85  9:27  Marine  
  86  9:50  Supply Depot  
  86  9:52  Supply Depot  
  86  10:05  Siege Tank, Medivac  
  91  10:09  Medivac  
  91  10:10  Command Center  
  91  10:12  Raven  
  91  10:13  SCV  
  96  10:16  Terran Infantry Weapons Level 1  
  91  10:37  Siege Tank  
  91  10:42  Marine x2  
  84  10:43  Marauder x2  
  79  10:58  Medivac  
  79  11:00  Marine x2  
  79  11:02  SCV  
  84  11:04  Marauder x2  
  84  11:10  Siege Tank  
  91  11:15  SCV  
  91  11:18  Marine x2  
  94  11:26  Marauder x2  
  98  11:36  Marine x2  
  100  11:42  Siege Tank  
  100  11:44  Planetary Fortress  
  100  11:45  Barracks  
  100  11:46  Marine  
  104  11:47  Marauder  
  104  11:50  Barracks  
  104  11:53  Marine  
  107  12:05  Marauder  
  92  12:37  Marauder, Marine x2  
  92  12:38  Marauder  
  98  12:44  Refinery  
  98  12:47  SCV, Refinery  
  98  12:48  SCV x2  
Show
View Real Time Build Order
Export as new Build Order

Fred Protoss 

Build Orders: Oracle Opening 

Get SALT Encoding   

  12  0:01  Probe (Chrono Boost)  
  13  0:11  Probe (Chrono Boost)  
  14  0:22  Probe (Chrono Boost)  
  15  0:29  Pylon  
  15  0:44  Assimilator  
  15  0:47  Probe (Chrono Boost)  
  16  0:52  Gateway  
  16  0:58  Probe (Chrono Boost)  
  16  1:01  Pylon  
  17  1:08  Probe (Chrono Boost)  
  18  1:11  Assimilator  
  18  1:19  Probe (Chrono Boost)  
  18  1:23  Pylon  
  19  1:29  Probe (Chrono Boost)  
  20  1:40  Probe (Chrono Boost)  
  21  1:50  Probe (Chrono Boost)  
  22  1:58  Nexus  
  22  2:04  Probe (Chrono Boost)  
  23  2:15  Cybernetics Core, Probe (Chrono Boost)  
  24  2:31  Forge  
  24  2:37  Pylon  
  24  2:39  Probe (Chrono Boost)  
  25  2:50  Probe (Chrono Boost)  
  26  2:53  Stargate  
  26  3:00  Probe  
  26  3:01  Protoss Air Weapons Level 1 (Chrono Boost)  
  27  3:05  Protoss Shields Level 1 (Chrono Boost)  
  27  3:12  Probe  
  28  3:13  Probe  
  29  3:24  Probe x2  
  31  3:36  Probe x2  
  31  3:38  Oracle (Chrono Boost)  
  36  3:47  Assimilator  
  36  3:48  Probe (Chrono Boost)  
  37  3:49  Mothership Core (Chrono Boost)  
  37  3:52  Assimilator  
  39  3:59  Probe  
  40  4:10  Probe  
  40  4:11  Probe  
  40  4:12  Stalker  
  44  4:31  Cybernetics Core  
  44  4:34  Twilight Council  
  44  4:37  Probe (Chrono Boost)  
  45  4:47  Probe (Chrono Boost)  
  46  4:57  Probe, Protoss Air Armor Level 1 (Chrono Boost)  
  47  5:00  Fleet Beacon  
  47  5:07  Probe  
  47  5:17  Void Ray  
  47  5:18  Probe  
  52  5:25  Pylon  
  52  5:27  Pylon  
  52  5:28  Probe  
  52  5:29  Pylon  
  52  5:32  Pylon  
  50  5:49  Protoss Air Weapons Level 2 (Chrono Boost)  
  50  5:58  Photon Cannon  
  50  6:20  Photon Cannon  
  50  6:22  Photon Cannon  
  50  6:23  Photon Cannon  
  50  6:25  Pylon  
  50  6:27  Pylon  
  50  6:32  Pylon  
  50  7:00  Probe, Nexus  
  50  7:01  Probe  
  50  7:03  Assimilator  
  50  7:07  Assimilator  
  52  7:11  Protoss Shields Level 2 (Chrono Boost)  
  52  7:12  Probe, Pylon  
  52  7:13  Protoss Air Armor Level 2 (Chrono Boost), Probe  
  54  7:15  Pylon  
  54  7:18  Pylon  
  54  7:19  Void Ray  
  58  7:23  Pylon  
  58  7:24  Probe  
  58  7:25  Probe  
  58  7:26  Pylon  
  60  7:31  Pylon  
  60  7:36  Probe  
  61  7:38  Probe, Photon Cannon  
  61  7:39  Photon Cannon  
  61  7:42  Photon Cannon  
  62  7:48  Probe  
  62  7:50  Probe  
  64  7:55  Photon Cannon  
  64  8:02  Void Ray  
  68  8:13  Photon Cannon  
  68  8:31  Stargate  
  68  8:33  Stargate  
  68  8:34  Stargate  
  68  8:39  Stargate  
  68  8:45  Void Ray  
  72  9:21  Nexus  
  72  9:24  Void Ray x2  
  76  9:25  Probe, Void Ray  
  76  9:27  Void Ray  
  89  9:35  Void Ray  
  93  9:40  Probe  
  94  9:50  Probe  
  95  10:01  Probe  
  95  10:06  Void Ray  
  98  10:10  Void Ray  
  102  10:25  Void Ray  
  102  10:26  Void Ray x2  
  100  10:49  Void Ray  
  104  10:53  Void Ray  
  108  11:08  Void Ray x3  
  112  11:13  Probe x2  
  112  11:14  Probe x2  
  116  11:23  Probe  
  117  11:26  Probe  
  117  11:32  Void Ray  
  122  11:36  Void Ray  
  126  11:51  Void Ray x3  
  136  12:15  Void Ray  
  140  12:19  Void Ray  
  144  12:22  Assimilator  
  144  12:24  Assimilator  
  144  12:25  Pylon  
  144  12:28  Pylon  
  144  12:31  Pylon  
  144  12:34  Pylon  
  144  12:37  Pylon  
  144  12:41  Pylon  
Tags
 
Add a new tag
Caveats
  • Supply blocks, unpowered buildings, or Contaminate may cause inaccurate times.
  • Supply counts are checked every 10 seconds.